 Dungeon Crawl Stone Soup version 0.21-a0-178-g0b87683 (webtiles) character file.

108 4thArraOfDagon the Skirmisher (level 4, -8/28 HPs)
             Began as a Tengu Abyssal Knight on Aug 9, 2017.
             Was a Believer of Lugonu.
             Mangled by Crazy Yiuf
             ... wielding a +3 quarterstaff of chaos
              (11 damage)
             ... on level 4 of the Dungeon.
             The game lasted 00:04:33 (1515 turns).

4thArraOfDagon the Skirmisher (TeAK)                Turns: 1515, Time: 00:04:34

Health: -8/28      AC:  5    Str: 15    XL:     4   Next: 87%
Magic:  6/6        EV: 17    Int: 14    God:    Lugonu [**....]
Gold:   86         SH:  4    Dex: 18    Spells: 3/3 levels left

rFire    . . .     SeeInvis .   p - +0 mace of the Grave {venom, rN+ Str+3} (curse)
rCold    . . .     Gourm    .   (no shield)
rNeg     + . .     Faith    .   e - +0 ring mail
rPois    .         Spirit   .   (helmet restricted)
rElec    .         Reflect  +   (no cloak)
rCorr    .         Harm     .   (no gloves)
MR       +....     Rnd*Tele +   (boots unavailable)
Stlth    ++........             g - +4 amulet of reflection
HPRegen  0.09/turn              c - ring of protection from magic
MPRegen  0.10/turn              h - ring of teleportation (curse)

@: agile
A: beak, talons 3
a: Depart the Abyss, Bend Space, Renounce Religion


You were on level 4 of the Dungeon.
You worshipped Lugonu.
Lugonu was pleased with you.
You were not hungry.

You visited 1 branch of the dungeon, and saw 4 of its levels.
You visited the Abyss 1 time.

You collected 86 gold pieces.

Inventory:

Hand Weapons
 k - a +0 club
 o - a cursed +0 mace
 p - the cursed +0 mace of the Grave (weapon) {venom, rN+ Str+3}
   (You found it on level 4 of the Dungeon)

   It poisons the flesh of those it strikes.
   It affects your strength (+3).
   It protects you from negative energy.
   It has a curse placed upon it.
Armour
 a - a +0 leather armour
 e - a +0 ring mail (worn)
 f - a +0 robe of cold resistance
Jewellery
 c - a ring of protection from magic (left hand)
 g - a +4 amulet of reflection (around neck)
 h - a cursed ring of teleportation (right hand)
Scrolls
 n - 2 scrolls of amnesia
Potions
 d - a potion of heal wounds {unknown}
 i - a potion of brilliance
 j - a potion of degeneration
Comestibles
 b - 4 bread rations


   Skills:
 + Level 3.6 Fighting
 * Level 0.0 Maces & Flails
 + Level 2.6 Armour
 + Level 2.5 Dodging
 - Level 3.5 Unarmed Combat
 + Level 2.1 Invocations


You had 3 spell levels left.
You didn't know any spells.

Dungeon Overview and Level Annotations

Branches:
Dungeon (4/15)
 Temple: D:4-7

Altars:
The Shining One

Annotations:
D:2 Robin
D:3 1 runed door, Ijyb
D:4 Crazy Yiuf, Eustachio


Innate Abilities, Weirdness & Mutations

You have a beak for a mouth.
You have claws for feet.


Message History

You hit Crazy Yiuf. Your kick misses Crazy Yiuf.
Crazy Yiuf is lightly wounded.
Crazy Yiuf twirls on the spot.
Crazy Yiuf hits you with a quarterstaff of chaos.
Unknown command.
You hit Crazy Yiuf.
Crazy Yiuf is moderately wounded.
Crazy Yiuf hits you but does no damage.
You are electrocuted!
Crazy Yiuf hits you with a quarterstaff of chaos!
* * * LOW HITPOINT WARNING * * *
Unknown command.
Unknown command.
You see here a mace.
Unknown command.
You see here a mace.
You see here a mace.
You see here a mace.
It was a potion of magic.
Magic courses through your body.
Crazy Yiuf hits you with a quarterstaff of chaos!
You die...

.# ########## #..#
.#
###))))))))#####..#
.+
#)))).))))))))##..#
.#
#)#####)))))))##.<#
.#
#)#)..#)))))...+..#
.#
#)#...'.))))PP....##
.# #)#
#)..)..P.....# .#
#)#####))).).P.+...#
.#
#)))))))))))g@##...#
##)))##)))))))##...#
###############...#
....# ...#


You could see Crazy Yiuf.

Vanquished Creatures
  An orc wizard (D:3)
  A gnoll (D:1)
  An adder (D:3)
  2 leopard geckos
  4 orcs (D:3)
  A ball python (D:3)
  4 giant cockroaches
  3 goblins
  10 hobgoblins
  6 kobolds
  2 quokkas
  8 bats
  5 frilled lizards
  5 rats
53 creatures vanquished.

Notes
Turn   | Place    | Note
-------+----------+-------------------------------------------
     0 | Abyss:1  | 4thArraOfDagon the Tengu Abyssal Knight began the quest for the Orb.
     0 | Abyss:1  | Reached XP level 1. HP: 14/14 MP: 3/3
    32 | Abyss:1  | Noticed a smoke demon
    34 | D:1      | Escaped the Abyss
    58 | D:1      | Reached XP level 2. HP: 1/19 MP: 4/4
   417 | D:2      | Reached * piety under Lugonu
   478 | D:1      | Reached XP level 3. HP: 14/23 MP: 5/5
  1161 | D:2      | Noticed Robin
  1164 | D:2      | Reached ** piety under Lugonu
  1173 | D:3      | Reached XP level 4. HP: 28/28 MP: 6/6
  1273 | D:3      | Noticed Ijyb
  1277 | D:3      | Found a glowing golden altar of the Shining One.
  1277 | D:3      | Noticed an angel
  1278 | D:3      | Found a runed door.
  1401 | D:4      | Noticed Eustachio
  1473 | D:4      | Found a runed door.
  1483 | D:4      | Got a twisted mace
  1491 | D:4      | Identified the cursed +0 mace of the Grave {venom, rN+ Str+3} (You found it on level 4 of the Dungeon)
  1504 | D:4      | Noticed Crazy Yiuf
  1515 | D:4      | Mangled by Crazy Yiuf

Vault maps used:
D:1:      minmay_arrival_diagonal_passages
D:2:      first_bread, uniq_jessica, uniq_robin
D:3:      lemuel_angel_altar, uniq_ijyb
D:4:      cheibrodos_pilgrimage, minmay_misc_feat_nine_boxes,
          uniq_crazy_yiuf_cottage, uniq_duvessa, uniq_eustachio

Skill      XL: |  1  2  3  4 |
---------------+-------------+-----
Unarmed Combat | 3 |  3.5
Dodging        | 2 |  2.5
Invocations    | 2 |  2.1
Fighting       | |  3.6
Armour         | |  2.6

Action                   |  1- 3 |  4- 6 || total
-------------------------+-------+-------++-------
Melee: Unarmed           |    94 |    40 ||   134
       Kick              |    23 |     6 ||    29
       Peck              |     3 |     3 ||     6
       Punch             |     2 |       ||     2
       Mace              |       |     2 ||     2
Invok: Depart the Abyss  |     1 |       ||     1
  Use: Potion            |     2 |     2 ||     4
       Scroll            |       |     4 ||     4
 Stab: Sleeping          |     1 |       ||     1
  Eat: Chunk             |     1 |     1 ||     2
Armor: Leather armour    |     8 |       ||     8
       Ring mail         |    14 |    14 ||    28
Dodge: Dodged            |    51 |    18 ||    69
Block: Other             |     3 |     8 ||    11
